cohdb
Replays
Latest Replays
All Replays
Popular Replays
Top Player Replays
Match Explorer
How It Works
Community
CoH3 Stats
Reddit
Sign in to upload your games and track your stats! →
Sign in with Steam
Match 41206879
Unlisted
Match 41206879
Overview
Messages
Build Orders
End
Royal Engineer Section
Selects Canadian Shock Battlegroup
Royal Engineer Section
Construct Section Command Post
Dingo Light Scout Car
Selects Attacking Spirit
Selects Canadian Shock Section
Canadian Shock Section
Construct Field Infirmary
Construct Platoon Command Post
Canadian Shock Section
Selects Incendiary Munitions
Unlock M3 Stuart Light Tanks
M3 Stuart Light Tank
Royal Engineer Section
M3 Stuart Light Tank
M3 Stuart Light Tank
Selects Pyrotechnics
Infantry Section
Unlock Bishop Self-propelled Artillery
Bishop Self-propelled Artillery
Hunti
FeriG
Maxiboi1303
Oziligath
SweeD
Landser
*Mule
Ra11
0
0
Comments
sign in to comment!
No comments posted yet!